Map: Ever Dream LE

Players

JohnnyV

  • Race: Terran Terran
  • League: Bronze
  • Spawn Location: 1:00

miKihau - Winner!

  • Race: Terran Terran
  • League: Diamond
  • Spawn Location: 7:00

VOD

Have the link to the VOD?

Description

Time

  • Played on: April 29, 2020, 11:23 a.m.
  • Length: 6:27
Show
View Real Time Build Order
Export as new Build Order

JohnnyV Terran 

Build Orders:  

Get SALT Encoding   

  12  0:01  SCV  
  13  0:16  Supply Depot  
  13  0:17  SCV  
  14  0:29  SCV, Refinery  
  15  0:41  Barracks  
  15  0:45  SCV  
  16  0:57  SCV  
  17  1:09  SCV  
  18  1:21  SCV  
  19  1:29  Marine  
  20  1:34  Bunker  
  20  1:42  Supply Depot  
  20  1:47  Marine  
  20  1:49  Factory  
  20  1:53  Refinery, Orbital Command  
  21  2:05  Marine  
  21  2:29  Marine  
  21  2:35  Widow Mine  
  24  2:40  SCV, Armory  
  25  2:53  SCV  
  26  3:00  Barracks Reactor  
  26  3:11  Factory Reactor  
  26  3:21  Command Center  
  26  3:23  SCV  
  27  3:30  Supply Depot  
  27  3:41  Starport  
  27  3:43  Marine x2  
  29  3:50  Widow Mine  
  29  3:52  Widow Mine  
  29  3:55  Supply Depot  
  33  3:58  SCV  
  34  4:10  SCV  
  34  4:15  Widow Mine x2  
  34  4:16  Marine x2  
  41  4:20  Supply Depot  
  41  4:31  Medivac  
  41  4:32  Refinery  
  41  4:35  Marine x2  
  45  4:50  Engineering Bay  
  45  4:57  SCV  
  45  4:59  SCV  
  47  5:02  Widow Mine x2  
  51  5:17  Medivac  
  55  5:43  Widow Mine x2  
Show
View Real Time Build Order
Export as new Build Order

miKihau Terran - Winner!

Build Orders: Gas First Reaper Expand, Banshee Rush 

Get SALT Encoding   

  12  0:01  SCV  
  13  0:13  SCV  
  14  0:17  Supply Depot  
  14  0:25  SCV  
  15  0:28  Refinery  
  15  0:39  SCV  
  16  0:44  Barracks  
  16  0:51  SCV  
  17  1:03  SCV  
  18  1:15  SCV  
  19  1:30  Orbital Command  
  19  1:31  Reaper  
  20  1:41  Command Center  
  20  1:52  Factory  
  20  1:56  SCV  
  21  2:03  Marine  
  21  2:08  SCV  
  23  2:10  Refinery  
  23  2:13  Supply Depot  
  23  2:25  Barracks Reactor  
  23  2:34  SCV  
  24  2:37  Hellion  
  24  2:42  Starport  
  26  2:47  SCV  
  27  2:57  Orbital Command  
  27  2:59  SCV  
  27  3:00  Factory Tech Lab  
  27  3:04  Marine x2  
  30  3:11  SCV  
  31  3:22  Marine x2  
  31  3:23  SCV  
  34  3:28  Banshee  
  34  3:29  Supply Depot, Factory Tech Lab  
  37  3:35  SCV x2  
  37  3:39  Cloaking Field  
  39  3:44  Marine x2  
  41  3:49  SCV x2  
  41  3:53  Supply Depot  
  43  3:58  Siege Tank  
  46  4:04  SCV x2  
  46  4:06  Refinery  
  48  4:12  Marine x2  
  48  4:13  Banshee  
  53  4:22  SCV x2  
  55  4:32  Marine x2, Supply Depot, Siege Tank  
  55  4:35  SCV, Supply Depot  
  61  4:41  Engineering Bay  
  61  4:50  SCV  
  62  4:53  SCV  
  62  4:55  Supply Depot  
  62  4:56  Banshee  
  66  5:01  Refinery  
  66  5:02  Marine x2, SCV  
  66  5:05  SCV  
  66  5:06  Siege Tank  
  73  5:14  SCV  
  73  5:17  SCV  
  73  5:20  Marine x2  
  77  5:26  SCV  
  78  5:29  SCV  
  79  5:38  SCV  
  79  5:42  SCV  
  81  5:44  Banshee  
  81  5:45  Marine x2  
  86  6:04  SCV  
  86  6:06  SCV  
  86  6:21  Command Center  
  86  6:23  Supply Depot  
  86  6:24  Supply Depot  
Tags
 
Add a new tag
Caveats
  • Supply blocks, unpowered buildings, or Contaminate may cause inaccurate times.
  • Supply counts are checked every 10 seconds.